 Dungeon Crawl Stone Soup version 0.24-a0-272-g1411513 (webtiles) character file.

Game seed: 16647476702407326949

420 Syader the Charlatan (level 6, 0/46 HPs)
             Began as a Demonspawn Gladiator on Apr 25, 2019.
             Slain by an ogre
             ... wielding a cursed -3 giant spiked club
              (23 damage)
             ... on level 4 of the Dungeon.
             The game lasted 00:07:41 (4164 turns).

Syader the Charlatan (Demonspawn Gladiator)         Turns: 4164, Time: 00:07:42

Health: 0/46       AC:  4    Str: 18    XL:     6   Next: 62%
Magic:  6/9        EV: 14    Int:  9    God:
Gold:   149        SH:  0    Dex: 15    Spells: 5/5 levels left

rFire    . . .     SeeInvis .   a - +0 quarterstaff
rCold    . . .     Gourm    .   (shield currently unavailable)
rNeg     . . .     Faith    .   b - +0 leather armour
rPois    .         Spirit   .   c - +0 helmet
rElec    .         Reflect  .   (no cloak)
rCorr    .         Harm     .   (no gloves)
MR       +....                  (no boots)
Stlth    +++.......             (no amulet)
HPRegen  0.15/turn              (no ring)
MPRegen  0.11/turn              (no ring)

@: no status effects
A: blurry vision 1, magic resistance 1, nightstalker 1, screaming 1, strong 1,
sturdy frame 2
a: no special abilities


You were on level 4 of the Dungeon.
You were very hungry.

You visited 1 branch of the dungeon, and saw 4 of its levels.

You collected 149 gold pieces.

Inventory:

Hand Weapons
 a - a +0 quarterstaff (weapon)
Missiles
 d - 2 throwing nets (quivered)
Armour
 b - a +0 leather armour (worn)
 c - a +0 helmet (worn)
 h - a +0 chain mail
 m - a +0 ring mail
Scrolls
 e - a scroll of remove curse
 g - 2 scrolls of teleportation {unknown}
 k - a scroll of blinking
 l - a scroll of magic mapping {unknown}
 n - a scroll of enchant armour {unknown}
 q - a scroll of immolation {unknown}
 r - a scroll of random uselessness {unknown}
Potions
 i - a potion of heal wounds {unknown}
 j - a potion of ambrosia {unknown}
 o - a potion of flight
Comestibles
 f - 4 rations


   Skills:
 - Level 2.9 Fighting
 - Level 2.8 Staves
 - Level 1.7 Throwing
 - Level 4.3 Dodging
 - Level 1.7 Stealth
 + Level 4.6 Evocations


You had 5 spell levels left.
You didn't know any spells.
Your spell library was empty.

Dungeon Overview and Level Annotations

Branches:
Dungeon (4/15)
 Temple: D:4-7

Altars:

Annotations:
D:4 3 runed translucent doors, Eustachio; Hasart's ghost, amateur DEFE


Innate Abilities, Weirdness & Mutations

You are slightly more attuned to the shadows.
Your movements are less encumbered by armour. (ER -4)
Scrolls take you a little longer to read.
You are resistant to hostile enchantments. (MR+)
You occasionally shout uncontrollably at your foes.
Your muscles are strong. (Str +2)


Message History

Evoke which item? (* to show all) (? for menu, Esc to quit)
Aiming: Corrosive Bolt
Press: ? - help, Shift-Dir - straight line, f - ogre
Aim: an ogre, wielding a -3 giant spiked club The bolt of acid misses the ogre.
The bolt of acid hits Natasha!
Natasha is splashed with acid!
You kill Natasha!
You hear a faint echoing roar filled with hate and sorrow!
Evoke which item? (* to show all) (? for menu, Esc to quit)
Aiming: Corrosive Bolt
Press: ? - help, Shift-Dir - straight line, f/p - ogre
Aim: an ogre, wielding a -3 giant spiked club The bolt of acid hits the ogre!
The ogre is splashed with acid.
The acid corrodes the ogre!
The ogre is heavily wounded.
The now-empty wand crumbles to dust.
A worker ant comes into view.
The ogre hits you with a cursed -3 giant spiked club!!
Ouch! That really hurt!
You die...

#.....# #.# .8#
#.....# #.# .##
#.....#########.#
..o
+.....'......>..#
..o
#.....###.#######
.8. +.....# #.#
..o #.....# #.#
... ####.## #.#
.## #.@# #.# .8#
##O# #.# .## #)#
#.# .. #)# ###
a). ....# ......
........
.........


You could see an ogre and a worker ant (wandering).

Vanquished Creatures
  Sigmund (D:4)
  A howler monkey (D:4)
  A gnoll shaman (D:4)
  Natasha (twice) (D:4)
  5 gnolls (D:4)
  3 adders
  2 worms
  3 dart slugs (D:1)
  3 leopard geckos
  5 orcs
  8 bats
  4 giant cockroaches
  4 goblins
  6 hobgoblins
  2 jackals (D:1)
  7 kobolds
  2 frilled lizards
  8 rats
67 creatures vanquished.

Notes
Turn   | Place    | Note
-------+----------+-------------------------------------------
     0 | D:1      | Syader the Demonspawn Gladiator began the quest for the
                  | Orb.
     0 | D:1      | Reached XP level 1. HP: 16/16 MP: 1/1
   326 | D:1      | Gained mutation: Your movements are slightly less
                  | encumbered by armour. (ER -2) [demonic ancestry]
   326 | D:1      | Reached XP level 2. HP: 14/22 MP: 2/2
  1277 | D:1      | Gained mutation: You are slightly more attuned to the
                  | shadows. [demonic ancestry]
  1277 | D:1      | Reached XP level 3. HP: 25/28 MP: 3/3
  3029 | D:3      | Gained mutation: Your muscles are strong. (Str +2) [potion
                  | of mutation]
  3029 | D:3      | Gained mutation: Scrolls take you a little longer to read.
                  | [potion of mutation]
  3029 | D:3      | Gained mutation: You occasionally shout uncontrollably at
                  | your foes. [potion of mutation]
  3029 | D:3      | Gained mutation: You are resistant to hostile enchantments.
                  | (MR+) [potion of mutation]
  3103 | D:3      | Reached skill level 1 in Stealth
  3103 | D:3      | Reached XP level 4. HP: 26/34 MP: 4/4
  4077 | D:4      | Noticed Eustachio
  4093 | D:4      | Found a runed translucent gate.
  4093 | D:4      | Noticed Hasart's ghost (amateur DEFE)
  4094 | D:4      | Found a runed translucent gate.
  4094 | D:4      | Identified the +11 war axe of War {antimagic, rF+ Str+4}
  4094 | D:4      | Noticed an orc warrior
  4095 | D:4      | Found a runed translucent gate.
  4149 | D:4      | Reached XP level 5. HP: 34/40 MP: 5/5
  4150 | D:4      | Noticed Sigmund
  4151 | D:4      | Reached skill level 1 in Evocations
  4152 | D:4      | Noticed Natasha
  4154 | D:4      | Noticed an ogre
  4155 | D:4      | Killed Natasha
  4160 | D:4      | Killed Sigmund
  4160 | D:4      | Gained mutation: Your movements are less encumbered by
                  | armour. (ER -4) [demonic ancestry]
  4160 | D:4      | Reached XP level 6. HP: 22/46 MP: 5/9
  4161 | D:4      | Noticed Natasha
  4163 | D:4      | Killed Natasha
  4164 | D:4      | Slain by an ogre

Levels and vault maps discovered:
D:1:      lemuel_arrival_muddy, layout_loops_ring, serial_forest,
          infiniplex_forest_lined_3_way, infiniplex_forest_3_way,
          infiniplex_forest_lined_1, infiniplex_forest_clump_small,
          infiniplex_forest_clump_tiny, infiniplex_forest_lined_2,
          infiniplex_forest_lined_3, infiniplex_forest_clump_double,
          infiniplex_forest_lined_room_2, infiniplex_forest_lined_room_2
D:2:      layout_basic
D:3:      layout_loops_cross, minmay_parallelograms, roderic_lattice_a
D:4:      layout_basic, biasface_ghost_orc_armoury, first_ration, uniq_sigmund,
          uniq_natasha, uniq_robin, uniq_eustachio

Skill      XL: |  1  2  3  4  5 |
---------------+----------------+-----
Dodging        | 3 4 |  4.3
Stealth        | 1 |  1.7
Evocations     | 4 |  4.6
Fighting       | |  2.9
Staves         | |  2.8
Throwing       | |  1.7

Action                   |  1- 3 |  4- 6 || total
-------------------------+-------+-------++-------
Melee: Quarterstaff      |   158 |    24 ||   182
Throw: Throwing net      |     3 |       ||     3
Evoke: Wand              |       |     8 ||     8
  Use: Scroll            |     3 |     1 ||     4
       Potion            |     1 |       ||     1
 Stab: Sleeping          |     5 |     1 ||     6
  Eat: Chunk             |     7 |     2 ||     9
Armor: Leather armour    |    56 |     3 ||    59
Dodge: Dodged            |   117 |    14 ||   131

Table legend:
 A = Non-vault XP
 B = Vault XP
 C = Vault XP percentage of total XP
 D = Non-vault monster count
 E = Vault monster count
 F = Vault count percentage of total count
                 A         B        C        D         E       F
            +---------+---------+-------+---------+---------+-------
      Total |     352 |     248 |  41.3 |      65 |       2 |   3.0
            +---------+---------+-------+---------+---------+-------
        D:1 |      49 |       0 |   0.0 |      26 |       0 |   0.0
        D:2 |      29 |       0 |   0.0 |       8 |       0 |   0.0
        D:3 |      45 |       0 |   0.0 |      16 |       0 |   0.0
        D:4 |     229 |     248 |  52.0 |      15 |       2 |  11.8
            +---------+---------+-------+---------+---------+-------
